 Dungeon Crawl Stone Soup version 0.28-a0-1174-g766a6a42ef (webtiles) character file.

Game seed: 3166600470723759086

408 Armakuni the Skirmisher (level 7, 0/56 HPs)
             Began as a Human Artificer on Dec 16, 2021.
             Killed from afar by an orc wizard (8 damage)
             ... with a puff of flame
             ... on level 4 of the Dungeon.
             The game lasted 00:11:55 (4652 turns).

Armakuni the Skirmisher (Human Artificer)           Turns: 4652, Time: 00:11:55

Health: 0/56       AC:  3    Str: 12 (14) XL:     7   Next: 13%
Magic:  7/7        EV: 11    Int: 10 (11) God:
Gold:   172        SH:  0    Dex: 12 (14) Spells: 6/6 levels left

rFire   . . .      SeeInvis .   a - +2 whip (drain)
rCold   . . .      Faith    .   (no shield)
rNeg    . . .      Spirit   .   c - +0 leather armour
rPois   .          Reflect  .   (no helmet)
rElec   .          Harm     .   (no cloak)
rCorr   .          Rampage  .   (no gloves)
Will    .....                   (no boots)
Stlth   +.........              (no amulet)
HPRegen 0.18/turn               (no ring)
MPRegen 0.10/turn               (no ring)

@: hasted, very quick
A: no striking features
a: no special abilities


You were on level 4 of the Dungeon.
You visited 1 branch of the dungeon, and saw 4 of its levels.

You collected 172 gold pieces.

Inventory:

Hand Weapons
 a - a +2 whip of draining (weapon)
 b - a +0 hunting sling
 m - a +0 club
Missiles
 f - 24 bolts
 h - 46 stones (quivered)
 j - 37 sling bullets
Armour
 c - a +0 leather armour (worn)
 k - a +0 scale mail
Jewellery
 o - a ring of ice
Wands
 d - a wand of charming (3)
Scrolls
 i - a scroll of blinking
 n - a scroll of vulnerability
 p - a scroll of teleportation
 q - a scroll of fog {unknown}
Potions
 l - a potion of cancellation
Miscellaneous
 e - a piece from Xom's chessboard (6/15)


   Skills:
 - Level 5.0 Fighting
 + Level 2.8 Maces & Flails
 - Level 1.0 Slings
 + Level 3.7 Armour
 - Level 1.0 Dodging
 - Level 1.0 Stealth
 - Level 3.0 Evocations


You had 6 spell levels left.
You didn't know any spells.
Your spell library was empty.

Dungeon Overview and Level Annotations

Branches:
Dungeon (4/15)
 Temple: D:4-7

Altars:
Dithmenos
Qazlal

Shops:
D:3 ?

Annotations:
D:1 Natasha


Message History

The magic dart hits you!
You bump into the rock wall.
Something hits you but does no damage.
You bump into the rock wall.
Something hits you.
You bump into the rock wall.
You feel less confused.
You hear some strange, mumbled words.
A puff of flame appears from out of thin air!
The puff of flame hits you!
You hit something.
You hear some strange, mumbled words.
Something tries to affect you, but you resist.
It was a potion of degeneration.
There was something very wrong with that liquid.
You feel weakened.
You feel dopey.
You feel clumsy. Something hits you.
It was a potion of haste.
You feel yourself speed up. Something hits you.
You hit something. Something hits you.
You barely miss something.
The orc wizard mumbles some strange words.
The orc wizard flickers and vanishes!
Something hits you.
* * * LOW HITPOINT WARNING * * *
You closely miss something. You closely miss something.
Something hits you but does no damage.
You miss something.
You hear some strange, mumbled words.
A puff of flame appears from out of thin air!
The puff of flame hits you!
* * * LOW HITPOINT WARNING * * *
Okay, then.
Aiming: Charm
Press: ? - help, Shift-Dir - straight line Nothing appears to happen.
Aiming: Charm
Press: ? - help, Shift-Dir - straight line, f - orc
Aim: an orc, wielding a +0 dagger and wearing a +0 leather armour (chance to affect: 71%) Nothing appears to happen.
You hear some strange, mumbled words.
A puff of flame appears from out of thin air!
The puff of flame hits you!
You die...

#.######.##.#.###.# #.# #.#
#.### ##.##.#.###.###.###.#
#...# #........[.......##.#
#.#.# #..##.#.##.###o..##.#
####.#.###......)...#$#...##.#
#....._.............###.#)##.#
#....#.###.#####.##.....#>##.#
#[.....###.#####o##.#.###.##.#
####.........@{o{##..........#
##########.#####.########..###
#.......##.##.#...##### ##.#
#######.##.#....#)....# #.#
#.##.†..........# #.#
#.####...######## #.# #.#
##..# #.# #.# #..# #.# #.#
#<.# #.#


You could see 2 orcs.

Vanquished Creatures
  Menkaure (D:4)
  A necrophage (D:4)
  A scorpion (D:3)
  A hound (D:4)
  4 gnolls
  3 adders
  5 orcs (D:3)
  5 ball pythons
  3 endoplasms
  3 giant cockroaches
  5 goblins
  2 hobgoblins
  2 quokkas
  5 bats
  3 frilled lizards
  4 kobolds
  4 rats (D:1)
52 creatures vanquished.

Vanquished Creatures (others)
  An endoplasm (D:2)
  A hobgoblin (D:1)
  A frilled lizard (D:1)
3 creatures vanquished.

Grand Total: 55 creatures vanquished

Notes
Turn   | Place    | Note
-------+----------+-------------------------------------------
     0 | D:1      | Armakuni the Human Artificer began the quest for the Orb.
     0 | D:1      | Reached XP level 1. HP: 15/15 MP: 1/1
   192 | D:1      | Reached skill level 2 in Fighting
   192 | D:1      | Reached XP level 2. HP: 10/23 MP: 2/2
   603 | D:1      | Reached XP level 3. HP: 25/28 MP: 3/3
   790 | D:1      | Found a faded altar of an unknown god.
   822 | D:1      | Reached skill level 3 in Fighting
   989 | D:2      | Noticed Natasha
  1477 | D:2      | Found a shadowy altar of Dithmenos.
  1807 | D:1      | HP: 1/29 [crimson imp[Natasha] (3)]
  1865 | D:2      | Reached XP level 4. HP: 8/35 MP: 4/4
  2403 | D:2      | Reached skill level 4 in Fighting
  3163 | D:3      | Reached XP level 5. HP: 34/43 MP: 5/5
  3244 | D:3      | Reached skill level 5 in Fighting
  3577 | D:3      | Found Meetsigg's Magic Scroll Emporium.
  3698 | D:3      | Reached skill level 1 in Slings
  3783 | D:3      | Found a stormy altar of Qazlal.
  4201 | D:4      | Reached skill level 1 in Maces & Flails
  4201 | D:4      | Reached XP level 6. HP: 40/51 MP: 6/6
  4278 | D:4      | Noticed Menkaure
  4288 | D:4      | Killed Menkaure
  4372 | D:4      | Found a shadowy altar of Dithmenos.
  4395 | D:4      | Noticed a necrophage
  4416 | D:4      | Killed a necrophage
  4417 | D:4      | Reached XP level 7. HP: 42/56 MP: 7/7
  4652 | D:4      | Killed from afar by an orc wizard

Illustrated notes

Levels and vault maps discovered:
D:1:      nzn_arrival_water_spiral, layout_rooms,
          chequers_ecumenical_altar_island, minmay_misc_feat_five
D:2:      layout_basic, basic_altar, uniq_natasha
D:3:      layout_basic, mainiacjoe_overflow_catwalk, serial_shops,
          nicolae_shop_trees
D:4:      layout_loops_ring, nicolae_ru_the_path_less_chosen,
          lemuel_crystal_altar, item_on_display_a, uniq_crazy_yiuf_cottage,
          uniq_menkaure

Skill      XL: |  1  2  3  4  5  6 |
---------------+-------------------+-----
Fighting       | 2 3 4 5 |  5.0
Slings         | 1 |  1.0
Maces & Flails | 1 2 |  2.8
Armour         | 3 |  3.7
Dodging        | |  1.0
Stealth        | |  1.0
Evocations     | |  3.0

Action                   |  1- 3 |  4- 6 |  7- 9 || total
-------------------------+-------+-------+-------++-------
Melee: Club              |    74 |     6 |       ||    80
       Whip              |       |    20 |    12 ||    32
 Fire: Hunting sling     |     4 |    88 |       ||    92
Evoke: Wand              |    21 |     4 |     2 ||    27
       Piece from Xom's  |    17 |     3 |       ||    20
  Use: Scroll            |     2 |     4 |       ||     6
       Potion            |       |       |     2 ||     2
 Stab: Paralysed         |     1 |       |       ||     1
       Sleeping          |     1 |     2 |       ||     3
       Petrified         |       |     1 |       ||     1
Armor: Leather armour    |    64 |    13 |     2 ||    79
Dodge: Dodged            |    74 |    50 |     1 ||   125

Table legend: (Time is in decaauts)
 A = Elapsed time spent in this place.
 B = Non-inter-level travel time spent in this place.
 C = Inter-level travel time spent in this place.
 D = Time resting spent in this place.
 E = Time spent auto-exploring this place.
 F = Levels seen in this place.
 G = Mean time per level.
                   A        B        C        D        E       F      G
               +--------+--------+--------+--------+--------+-----+--------+
         Total |   4723 |   4491 |    232 |   1364 |   1751 |   4 | 1180.8 |
       Dungeon |   4723 |   4491 |    232 |   1364 |   1751 |   4 | 1180.8 |
               +--------+--------+--------+--------+--------+-----+--------+

Top non-repeatable levels by time:
     D:1: 1600 daAuts
     D:2: 1488 daAuts
     D:3: 1128 daAuts
     D:4: 505 daAuts
